 Dungeon Crawl Stone Soup version 0.28.0 (webtiles) character file.

Game seed: 1893160862680853997

10783 ZombieSheep the Cleaver (level 11, -9/101 HPs)
             Began as a Minotaur Gladiator on Feb 6, 2022.
             Was an Initiate of Gozag.
             Mangled by a death yak (13 damage)
             ... on level 8 of the Dungeon.
             The game lasted 00:22:47 (11292 turns).

ZombieSheep the Cleaver (Minotaur Gladiator)       Turns: 11292, Time: 00:22:47

Health: -9/101     AC: 19    Str: 19    XL:     11   Next: 40%
Magic:  10/10      EV: 16    Int:  5    God:    Gozag
Gold:   2844       SH:  5    Dex: 16    Spells: 10/10 levels left

rFire   + . .      SeeInvis .   a - +1 war axe
rCold   . . .      Faith    .   (no shield)
rNeg    . . .      Spirit   .   F - +0 swamp dragon scales
rPois   +          Reflect  +   c - +0 hat
rElec   +          Harm     .   k - +2 cloak {rPois}
rCorr   .          Rampage  .   j - +3 pair of gloves of Becil {rElec}
Will    .....                   v - +0 pair of boots
Stlth   +.........              y - amulet of reflection
HPRegen 0.26/turn               e - ring of protection from fire
MPRegen 0.12/turn               (no ring)

@: mighty, gold aura
A: horns 2, retaliatory headbutt
a: Renounce Religion, Potion Petition, Call Merchant, Bribe Branch


You were on level 8 of the Dungeon.
You worshipped Gozag.
Gozag was most pleased with you.
You visited 3 branches of the dungeon, and saw 12 of its levels.

You collected 3234 gold pieces.
You spent 335 gold pieces at shops.
You paid 55 gold pieces to Gozag.

Inventory:

Hand Weapons
 a - a +1 war axe (weapon)
 b - a +3 dire flail
 u - a +0 war axe of protection
Missiles
 d - 3 throwing nets (quivered)
Armour
 c - a +0 hat (worn)
 j - the +3 pair of gloves of Becil (worn) {rElec}
   (You bought it in a shop on level 10 of the Dungeon)

   rElec:     It insulates you from electricity.
 k - a +2 cloak of poison resistance (worn)
 v - a +0 pair of boots (worn)
 F - +0 swamp dragon scales (worn)
Jewellery
 e - a ring of protection from fire (left hand)
 y - an amulet of reflection (around neck)
Wands
 g - a wand of polymorph (15)
 o - a wand of flame (44)
 A - a wand of iceblast (4)
 D - a wand of acid (10)
 E - a wand of mindburst (11)
Scrolls
 f - 4 scrolls of vulnerability
 m - 2 scrolls of teleportation
 n - 2 scrolls of blinking
 p - 4 scrolls of fear
 r - 5 scrolls of identify
 w - 5 scrolls of enchant weapon
 C - a scroll of immolation
 G - a scroll of brand weapon
Potions
 h - a potion of ambrosia
 i - 4 potions of lignification
 l - 3 potions of mutation
 q - a potion of degeneration {unknown}
 s - 2 potions of brilliance
 t - 4 potions of curing
 x - a potion of heal wounds
 z - 2 potions of invisibility {unknown}
 B - 2 potions of magic


   Skills:
 + Level 10.6 Fighting
 + Level 12.9 Axes
 - Level 2.0 Throwing
 + Level 10.2 Armour
 + Level 10.0 Dodging


You had 10 spell levels left.
You didn't know any spells.
Your spell library contained the following spells:

 Spells                   Type           Power      Damage    Failure   Level
 Sting                    Tmut/Pois      0%         1d3       63%         1
 Summon Small Mammal      Summ           0%         N/A       63%         1
 Poisonous Vapours        Pois/Air       0%         N/A       77%         2
 Call Canine Familiar     Summ           0%         N/A       94%         3
 Dazzling Flash           Conj/Hex       0%         N/A       94%         3
 Summon Guardian Golem    Hex/Summ       0%         N/A       94%         3
 Animate Armour           Summ/Erth      0%         N/A       100%        4
 Iskenderun's Mystic Bla  Conj/Tloc      0%         2d3       100%        4
 Olgreb's Toxic Radiance  Pois           0%         N/A       100%        4
 Blade Hands              Tmut           0%         N/A       100%        5
 Iron Shot                Conj/Erth      0%         9d1       100%        6
 Starburst                Conj/Fire      0%         6d3       100%        6


Dungeon Overview and Level Annotations

Branches:
Dungeon (10/15)            Temple (1/1) D:7            Lair (1/6) D:8
    Orc: D:9-12

Altars:
Cheibriados
Gozag
Hepliaklqana
Kikubaaqudgha
Qazlal
Zin

Shops:
D:10 ([

Annotations:
D:9 3 runed translucent doors, BeavisTheGrey's ghost, novice TrMo


Innate Abilities, Weirdness & Mutations

You have a pair of horns on your head.
You reflexively headbutt those who attack you in melee.


Message History

You headbutt the death yak. The death yak closely misses you.
You barely miss the death yak. You headbutt the death yak!
The death yak is severely wounded.
You hit the death yak. You slash the death yak! The death yak gores you!
The death yak barely misses you. You furiously retaliate!
You headbutt the death yak. The death yak completely misses you.
You furiously retaliate!
You headbutt the death yak! You barely miss the death yak.
The death yak is severely wounded.
You hit the death yak. x2; The death yak gores you!
You block the death yak's attack. The death yak gores you!
You are too injured to fight recklessly!
You are too injured to fight recklessly!
You are too injured to fight recklessly!
You are too injured to fight recklessly!
You are too injured to fight recklessly!
You are too injured to fight recklessly!
You are too injured to fight recklessly!
You are too injured to fight recklessly!
You slice the death yak!!
You kill the death yak!
You hit the death yak but do no damage. You slash the death yak!
The death yak gores you!
* * * LOW HITPOINT WARNING * * *
The death yak gores you but does no damage.
Your Dodging skill increases to level 10!
You slash the death yak!
The death yak is heavily wounded.
You slash the death yak! You slice the death yak!!
The death yak is almost dead.
You completely miss the death yak.
The death yak gores you but does no damage.
The death yak gores you!!
* * * LOW HITPOINT WARNING * * *
You barely miss the death yak.
The death yak is almost dead.
You slash the death yak! The death yak gores you!
You die...
Your body crumbles into a pile of gold.

#..............................'.
#.#.........#.......############.
#.#.####..............## #.
#.#.####.#)............#########.
#............P.....P....)(.......
#<#..####...P.P.........########.
#.#..# #......####[....# #.
#.#..# #......#YY'.....## ##
#....# ##.....#@$#......# ####.#
#.....####......#
####.#####........)......#
..........#.......P......#
####......#....P.P.......#
#......#...P...PP.....######
####......#.........#.........###
..........###....####.........#..
###.###()## ###### #.........'..


You could see 2 death yaks.

Vanquished Creatures
  A hydra (D:8)
  A two-headed ogre (D:9)
  2 death yaks (D:8)
  Maggie (D:8)
  2 komodo dragons (Lair:1)
  Grinder (D:5)
  A shadow (D:7)
  A wyvern (D:8)
  A wraith (D:9)
  16 yaks
  Grum (D:10)
  A steam dragon (D:9)
  A water moccasin (D:8)
  8 orc warriors
  2 black bears
  3 ogres
  3 wolves (D:10)
  A phantom (D:5)
  3 centaurs
  A kobold brigand (D:8)
  8 bullfrogs
  3 scorpions
  4 wyvern zombies
  A water moccasin zombie (D:5)
  A wyvern skeleton (D:7)
  5 wights
  A bullfrog zombie (D:7)
  A centaur zombie (D:9)
  A jelly (D:7)
  Crazy Yiuf (D:2)
  5 orc priests
  2 centaur skeletons
  5 hounds
  4 iguanas
  Natasha (thrice) (D:4)
  14 orc wizards
  2 hound skeletons (D:4)
  8 adders
  8 gnolls
  A shadow imp (D:8)
  A white imp (D:7)
  An ufetubus (D:5)
  An adder skeleton (D:4)
  2 worms
  A dart slug (D:3)
  52 orcs
  4 ball pythons
  9 endoplasms
  2 giant cockroaches
  5 goblins
  8 hobgoblins
  11 kobolds
  3 quokkas
  6 bats
  A frilled lizard (D:3)
  A quokka skeleton (D:3)
  14 rats
251 creatures vanquished.

Vanquished Creatures (collateral kills)
  A gnoll shaman (D:5)
  A gnoll (D:5)
2 creatures vanquished.

Vanquished Creatures (others)
  29 fungi
  19 plants
48 creatures vanquished.

Grand Total: 301 creatures vanquished

Notes
Turn   | Place    | Note
-------+----------+-------------------------------------------
     0 | D:1      | ZombieSheep the Minotaur Gladiator began the quest for the
                  | Orb.
     0 | D:1      | Reached XP level 1. HP: 18/18 MP: 0/0
   365 | D:1      | Reached XP level 2. HP: 19/25 MP: 1/1
   514 | D:1      | Reached skill level 4 in Axes
   954 | D:1      | Reached skill level 1 in Armour
  1271 | D:2      | Reached XP level 3. HP: 27/30 MP: 2/2
  1359 | D:2      | Found a faded altar of an unknown god.
  1721 | D:2      | Identified a scroll of acquirement
  1721 | D:2      | Acquired 1352 gold pieces
  1733 | D:2      | Found a runed translucent door.
  1734 | D:2      | Noticed Crazy Yiuf
  1746 | D:2      | Killed Crazy Yiuf
  1918 | D:3      | Reached XP level 4. HP: 38/38 MP: 3/3
  1966 | D:3      | Reached skill level 5 in Axes
  2387 | D:3      | Reached XP level 5. HP: 31/45 MP: 4/4
  2826 | D:4      | Noticed Natasha
  2832 | D:4      | Killed Natasha
  2900 | D:4      | Noticed an ogre
  2900 | D:4      | Noticed Natasha
  2917 | D:4      | Killed an ogre
  2918 | D:4      | Reached skill level 6 in Axes
  2918 | D:4      | Reached XP level 6. HP: 52/52 MP: 5/5
  2924 | D:4      | Killed Natasha
  2987 | D:4      | Found a stormy altar of Qazlal.
  3027 | D:4      | Found an opulent altar of Gozag.
  3030 | D:4      | Noticed Natasha
  3035 | D:4      | Killed Natasha
  3043 | D:4      | Became a worshipper of Gozag Ym Sagoz the Greedy
  3149 | D:4      | Reached XP level 7. HP: 58/60 MP: 6/6
  3207 | D:4      | Reached skill level 5 in Dodging
  3454 | D:5      | Entered Level 5 of the Dungeon
  3464 | D:5      | Reached skill level 7 in Axes
  3624 | D:5      | Reached skill level 5 in Fighting
  3811 | D:5      | Noticed Grinder
  3831 | D:5      | Killed Grinder
  3837 | D:5      | Reached XP level 8. HP: 36/69 MP: 7/7
  3841 | D:5      | Reached skill level 8 in Axes
  4146 | D:5      | Reached skill level 5 in Armour
  5063 | D:6      | Reached skill level 9 in Axes
  5670 | D:6      | Reached XP level 9. HP: 78/78 MP: 8/8
  6110 | D:7      | Reached skill level 10 in Axes
  6355 | D:7      | Found an ancient bone altar of Kikubaaqudgha.
  6542 | D:7      | Found a staircase to the Ecumenical Temple.
  6549 | Temple   | Entered the Ecumenical Temple
  6640 | D:8      | Noticed Maggie
  6659 | D:8      | Killed Maggie
  6878 | D:8      | Noticed a five-headed hydra
  6896 | D:8      | HP: 4/80 [five-headed hydra (12)]
  6897 | D:8      | Killed a five-headed hydra
  6898 | D:8      | Reached skill level 11 in Axes
  7043 | D:8      | Reached XP level 10. HP: 60/88 MP: 9/9
  7291 | D:8      | Found a snail-covered altar of Cheibriados.
  7291 | D:8      | Found a hazy altar of Hepliaklqana.
  7490 | D:8      | Found a staircase to the Lair.
  8428 | D:9      | Noticed a two-headed ogre
  8440 | D:9      | Killed a two-headed ogre
  8441 | D:9      | Reached skill level 12 in Axes
  8707 | D:9      | Found a runed translucent gate.
  8707 | D:9      | Found a runed translucent gate.
  8707 | D:9      | Found a runed translucent gate.
  8708 | D:9      | Noticed a nine-headed hydra
  8708 | D:9      | Noticed BeavisTheGrey's ghost (novice TrMo)
  8709 | D:9      | Noticed a nine-headed hydra
  9097 | D:10     | Entered Level 10 of the Dungeon
  9114 | D:10     | Noticed Grum
  9135 | D:10     | Reached XP level 11. HP: 68/99 MP: 10/10
  9141 | D:10     | Killed Grum
  9365 | D:10     | Found Jifoj's Armour Emporium.
  9375 | D:10     | Bought the +3 pair of gloves of Becil {rElec} for 335 gold
                  | pieces
  9408 | D:10     | Reached skill level 10 in Fighting
  9788 | D:10     | Found Evecvus's Weapon Boutique.
  9840 | D:10     | Found a glowing silver altar of Zin.
 10314 | D:10     | Identified the +1 ring mail "Wuthreox" {Rampage rElec Int-2
                  | Dex+3}
 10805 | Lair:1   | Entered Level 1 of the Lair of Beasts
 10957 | Lair:1   | Noticed a death yak
 10965 | Lair:1   | Noticed a death yak
 10967 | Lair:1   | Noticed a death yak
 10968 | Lair:1   | Noticed a death yak
 10970 | Lair:1   | Noticed a death yak
 10972 | Lair:1   | Noticed a death yak
 11004 | D:8      | Killed a death yak
 11005 | D:8      | Reached skill level 10 in Armour
 11289 | D:8      | Killed a death yak
 11290 | D:8      | Reached skill level 10 in Dodging
 11291 | D:8      | HP: 4/101 [death yak (19)]
 11292 | D:8      | Mangled by a death yak

Illustrated notes

Levels and vault maps discovered:
D:1:      dpeg_arrival_central, layout_loops_ring, minmay_cut_off
D:2:      layout_loops_cross, shapermc_ecumenical_altar_totnotflames,
          uniq_crazy_yiuf_cottage
D:3:      layout_basic, minmay_crystal_water, serial_park_tiny_pond,
          minmay_joined_circles
D:4:      layout_rooms, mainiacjoe_overflow_chevrons, overflow_temple_1_default,
          uniq_natasha
D:5:      layout_basic, uniq_grinder
D:6:      layout_rooms, serial_co_window_serial, co_window_of_opportunity_a,
          co_window_paths_a, co_window_of_opportunity_a,
          co_window_of_opportunity_a, co_window_corner_a, co_window_corner_a,
          co_window_corner_a, co_window_corner_a, co_window_of_opportunity_a,
          co_window_corner_ca, co_window_corner_ca, co_window_corner_b,
          co_window_of_opportunity_b, co_window_broadway_c, glass_columns_a,
          glass_columns_a, glass_columns_a, glass_columns_a, glass_columns_a,
          minmay_misc_feat_hallway
D:7:      layout_rooms, kiku_gazebo_pond_becter,
          minmay_temple_entry_statues_pillars, kennysheep_generic_room_11
D:8:      layout_basic, gammafunk_temple_overflow_wave,
          grunt_lair_entry_orc_guard_hut, amethyst_killhole, minivault_19,
          st_stairs_3, uniq_maggie
D:9:      layout_basic, gammafunk_ghost_hydra_chop
D:10:     layout_layer_cave, zin_academy, serial_shops, shop, shop,
          kennysheep_generic_room_10, uniq_grum
Temple:   nicolae_temple_elliptical
Lair:1:   layout_regular_city, grunt_megastairs_2, lemuel_fruit_tree,
          uniq_prince_ribbit2

Skill      XL: |  1  2  3  4  5  6  7  8  9 10 11 |
---------------+----------------------------------+-----
Axes           | 4 5 6 7 9 11 12 | 12.9
Armour         | 1 2 3 4 6 7 9 10 | 10.2
Fighting       | 3 4 5 6 8 9 10 | 10.6
Dodging        | 4 5 6 8 9 10 | 10.0
Throwing       | |  2.0

Action                   |  1- 3 |  4- 6 |  7- 9 | 10-12 || total
-------------------------+-------+-------+-------+-------++-------
Melee: War axe           |    67 |   119 |   248 |   325 ||   759
       Punch             |     2 |       |     6 |     7 ||    15
       Headbutt          |     7 |    15 |    54 |    62 ||   138
       Unarmed           |     2 |       |       |       ||     2
       Dire flail        |       |       |    10 |       ||    10
Throw: Throwing net      |       |       |       |     1 ||     1
Evoke: Wand              |       |       |     3 |       ||     3
  Use: Scroll            |     5 |     3 |    12 |     4 ||    24
       Potion            |       |     1 |     3 |     2 ||     6
 Stab: Distracted        |       |       |     1 |     3 ||     4
       Held in net/web   |       |       |       |     1 ||     1
Armor: Leather armour    |    13 |       |       |       ||    13
       Chain mail        |     6 |    74 |   116 |       ||   196
       Swamp dragon scal |       |       |    11 |    87 ||    98
Dodge: Dodged            |    28 |    68 |   113 |   155 ||   364
Block: Other             |       |       |    14 |    61 ||    75
       Reflection        |       |       |       |     1 ||     1
